 Dungeon Crawl Stone Soup version 0.27.1 (webtiles) character file.

Game seed: 3769234367754651197

6473 garrulousMonolith the Zephyrmancer (level 10, -5/84 HPs)
             Began as a Pale Draconian Air Elementalist on Aug 23, 2021.
             Was a Believer of Nemelex Xobeh.
             Slain by Joseph (15 damage)
             ... on level 9 of the Dungeon.
             The game lasted 00:24:28 (13002 turns).

garrulousMonolith the Zephyrmancer (DrAE)          Turns: 13002, Time: 00:24:28

Health: -5/84      AC:  9    Str: 10    XL:     10   Next: 68%
Magic:  5/19       EV: 14    Int: 25    God:    Nemelex Xobeh [**....]
Gold:   515        SH:  0    Dex: 12    Spells: 2/21 levels left

rFire    . . .     SeeInvis .   n - +1 whip (elec)
rCold    . . .     Faith    .   (no shield)
rNeg     . . .     Spirit   .   (armour unavailable)
rPois    +         Reflect  .   (helmet restricted)
rElec    .         Harm     .   y - +0 cloak
rCorr    .         Rampage  .   E - +0 pair of gloves
Will     .....                  (no boots)
Stlth    ++........             (no amulet)
HPRegen  0.24/turn              p - +6 ring of intelligence
MPRegen  0.16/turn              b - ring of poison resistance

@: short of breath
A: breathe steam, AC +7, unfitting armour, cold-blooded, steam resistance
a: Breathe Steam, Renounce Religion, Draw Escape, Draw Destruction, Draw
Summoning


You were on level 9 of the Dungeon.
You worshipped Nemelex Xobeh.
Nemelex Xobeh was pleased with you.
You visited 1 branch of the dungeon, and saw 11 of its levels.

You collected 515 gold pieces.

Inventory:

Hand Weapons
 n - a +1 whip of electrocution (weapon)
Missiles
 i - 34 poisoned darts (quivered)
Armour
 y - a +0 cloak (worn)
 E - a +0 pair of gloves (worn)
Magical Staves
 z - a staff of air
Jewellery
 b - a ring of poison resistance (right hand)
 m - a ring of protection from fire
 p - a +6 ring of intelligence (left hand)
 r - a ring of positive energy
Wands
 t - a wand of flame (33)
 v - a wand of paralysis (4)
 w - a wand of iceblast (12)
 B - a wand of mindburst (8)
 H - a wand of polymorph (10)
Scrolls
 a - 2 scrolls of teleportation
 e - a scroll of silence {unknown}
 h - 3 scrolls of fear {unknown}
 j - 3 scrolls of amnesia {unknown}
 l - 2 scrolls of magic mapping {unknown}
 q - a scroll of enchant armour {unknown}
 s - 2 scrolls of holy word {unknown}
 C - 3 scrolls of identify
 D - a scroll of enchant weapon {unknown}
 F - a scroll of summoning {unknown}
Potions
 c - a potion of attraction
 d - 3 potions of flight
 f - 2 potions of might
 g - a potion of heal wounds {unknown}
 k - a potion of brilliance {unknown}
 o - 3 potions of invisibility {unknown}
 u - 2 potions of cancellation
 x - a potion of degeneration {unknown}
 A - a potion of curing
 G - 2 potions of lignification {unknown}


   Skills:
 + Level 6.5 Fighting
 + Level 5.9 Dodging
 - Level 2.0 Stealth
 + Level 6.0 Spellcasting
 * Level 8.8 Conjurations
 * Level 10.1 Air Magic


You had 2 spell levels left.
You knew the following spells:

 Your Spells              Type           Power      Damage    Failure   Level
a - Shock                 Conj/Air       100%       1d9       1%          1
b - Static Discharge      Conj/Air       53%        N/A       1%          2
c - Airstrike             Air            27%        N/A       1%          4
d - Summon Lightning Spi  Summ/Air       32%        N/A       10%         4
e - Lightning Bolt        Conj/Air       26%        1d42      4%          5
f - Conjure Flame         Conj/Fire      29%        6-21      3%          3

Your spell library contained the following spells:

 Spells                   Type           Power      Damage    Failure   Level
 Foxfire                  Conj/Fire      100%       2x1d9     1%          1
 Slow                     Hex            7%         N/A       11%         2
 Swiftness                Air            55%        N/A       1%          3
 Confusing Touch          Hex            7%         N/A       22%         3
 Inner Flame              Hex/Fire       7%         N/A       22%         3
 Ozocubu's Armour         Ice            7%         N/A       22%         3
 Yara's Violent Unravell  Hex/Tmut       3%         3d4       90%         5
 Ozocubu's Refrigeration  Ice            3%         4d5       100%        7


Dungeon Overview and Level Annotations

Branches:
Dungeon (11/15)            Temple (0/1) D:6             Orc (0/2) D:10
   Lair: D:8-11

Altars:
Ashenzari
Cheibriados
Hepliaklqana
Nemelex Xobeh
Wu Jian
Zin
The Shining One

Shops:
D:2 (

Annotations:
D:1 exclusion: downstairs
D:2 Sigmund
D:5 3 runed translucent doors, slippyandproud's ghost, amateur PaFi
D:9 Joseph


Innate Abilities, Weirdness & Mutations

You can breathe blasts of scalding, opaque steam.
Your pale cyan-grey scales are hard. (AC +7)
You cannot fit into any form of body armour.
You are cold-blooded and may be slowed by cold attacks.
You are immune to the effects of steam.


Message History

Press: ? - help, Shift-Dir - straight line, f/p - Joseph
Aim: Joseph, wielding a +0 hunting sling, wearing a +0 ring mail, quivering sling bullets and carrying a wand of iceblast (5) (heavily wounded, chance to affect: 48%) Joseph resists with some effort.
Joseph shoots a sling bullet.
The sling bullet completely misses you.
Aiming: Mindburst
Press: ? - help, Shift-Dir - straight line, f/p - Joseph
Aim: Joseph, wielding a +0 hunting sling, wearing a +0 ring mail, quivering sling bullets and carrying a wand of iceblast (5) (heavily wounded, chance to affect: 48%) Joseph resists with some effort.
Throw: 35 darts (poison)
Press: ? - help, Q - select action, (/) - cycle Shift-Dir - straight line, f/p - Joseph
Aim: Joseph, wielding a +0 hunting sling, wearing a +0 ring mail, quivering sling bullets and carrying a wand of iceblast (5) (heavily wounded, 64% to hit)
You throw a poisoned dart. The poisoned dart barely misses Joseph.
Joseph zaps a wand.
The mass of ice explodes!
The iceblast engulfs you!
* * * LOW HITPOINT WARNING * * *
Throw: 34 darts (poison)
Press: ? - help, Q - select action, (/) - cycle Shift-Dir - straight line, f/p - Joseph
Aim: Joseph, wielding a +0 hunting sling, wearing a +0 ring mail, quivering sling bullets and carrying a wand of iceblast (4) (moderately wounded, 64% to hit)
Okay, then.
You feel better.
Joseph shoots a sling bullet.
The sling bullet closely misses you.
Press: ? - help, Shift-Dir - straight line, f/p - Joseph
Aim: Joseph, wielding a +0 hunting sling, wearing a +0 ring mail, quivering sling bullets and carrying a wand of iceblast (4) (moderately wounded)
You exhale a blast of scalding steam.
The ball of steam hits Joseph.
Joseph is heavily wounded.
Joseph is engulfed in a cloud of scalding steam.
Joseph shoots a sling bullet.
The sling bullet misses you.
Joseph is engulfed in a cloud of scalding steam.
Joseph unwields a +0 hunting sling.
Joseph wields a +0 quarterstaff.
Joseph hits you with a +0 quarterstaff!
* * * LOW HITPOINT WARNING * * *
You barely miss Joseph. You tail-slap Joseph, but do no damage.
Joseph is severely wounded.
Joseph is engulfed in a cloud of scalding steam.
Joseph hits you with a +0 quarterstaff.
* * * LOW HITPOINT WARNING * * *
You closely miss Joseph.
Joseph is severely wounded.
Joseph hits you with a +0 quarterstaff!
You die...
Your body glows slightly and disappears.

$## #.. ###..#.
##.## ... ..
... #..#. #.#
.##..#.#### #.#
..........# #.#
....(...#.###.#
#.....(§)§..###
##.$..#(§.)@@.#
#.#.########)#
Z. # #. #.# #$.
#. #.# Z. #O
..# .. # #.
.... .# .# #.
.#### .# #.# ##
.O .##... # #.


You could see Joseph.

Vanquished Creatures
  3 two-headed ogres
  A wraith (D:7)
  2 wyverns (D:8)
  A vampire (D:8)
  A yak (D:10)
  A steam dragon (D:5)
  An orc warrior (D:8)
  6 ice beasts
  2 sky beasts
  A necrophage (D:5)
  5 ogres
  5 centaurs
  A phantom (D:6)
  3 kobold brigands
  A bullfrog (D:7)
  2 wyvern zombies
  4 scorpions
  3 killer bees (D:8)
  A nameless horror (D:7)
  A howler monkey (D:10)
  3 centaur zombies
  A quasit (D:6)
  7 hounds
  A centaur skeleton (D:6)
  A jelly (D:5)
  Crazy Yiuf (D:5)
  4 orc priests
  3 gnoll shamans
  2 iguanas
  3 orc wizards
  4 killer bee zombies
  A hound zombie (D:5)
  2 hound skeletons (D:4)
  8 adders
  14 gnolls
  2 white imps
  An ufetubus (D:5)
  A worm (D:2)
  2 dart slugs
  13 orcs
  3 endoplasms
  5 giant cockroaches
  8 goblins
  15 hobgoblins
  14 kobolds
  6 quokkas
  3 ball pythons
  7 bats
  5 frilled lizards
  2 goblin skeletons (D:6)
  A goblin zombie (D:6)
  2 hobgoblin zombies (D:6)
  A kobold skeleton (D:6)
  2 kobold zombies (D:6)
  4 orc skeletons (D:6)
  4 rats
  A spectral hobgoblin (D:9)
202 creatures vanquished.

Vanquished Creatures (collateral kills)
  A hornet (D:7)
  An ice beast (D:7)
  A black bear (D:8)
  A killer bee (D:8)
  2 howler monkeys
  A gnoll shaman (D:8)
  An orc priest (D:7)
  An orc wizard (D:7)
  A howler monkey zombie (D:9)
  5 gnolls
  An orc (D:7)
  4 kobolds (D:7)
20 creatures vanquished.

Vanquished Creatures (others)
  A killer bee (D:10)
  41 plants (D:6)
42 creatures vanquished.

Grand Total: 264 creatures vanquished

Notes
Turn   | Place    | Note
-------+----------+-------------------------------------------
     0 | D:1      | garrulousMonolith the Draconian Air Elementalist began the
                  | quest for the Orb.
     0 | D:1      | Reached XP level 1. HP: 14/14 MP: 3/3
    86 | D:1      | Found a faded altar of an unknown god.
   345 | D:1      | Reached XP level 2. HP: 15/20 MP: 0/5
   730 | D:1      | Learned a level 2 spell: Static Discharge
  1291 | D:2      | Noticed Sigmund
  1411 | D:2      | Reached XP level 3. HP: 18/27 MP: 0/6
  2093 | D:2      | Found Hucaopa's Weapon Emporium.
  2769 | D:3      | Reached XP level 4. HP: 34/34 MP: 3/7
  2833 | D:3      | Noticed an ice beast
  2844 | D:3      | Killed an ice beast
  2845 | D:3      | Reached skill level 1 in Fighting
  2845 | D:3      | Reached skill level 4 in Air Magic
  2845 | D:3      | Reached XP level 5. HP: 29/40 MP: 1/8
  3198 | D:3      | Learned a level 4 spell: Airstrike
  3640 | D:4      | Found a sparkling altar of Nemelex Xobeh.
  3648 | D:4      | Became a worshipper of Nemelex Xobeh the Trickster
  3840 | D:4      | Noticed an ogre
  3920 | D:4      | Found a glowing silver altar of Zin.
  3925 | D:4      | Killed an ogre
  3926 | D:4      | Reached XP level 6. HP: 48/48 MP: 5/10
  4489 | D:4      | Found an ornate altar of the Wu Jian Council.
  4783 | D:5      | Entered Level 5 of the Dungeon
  4954 | D:5      | Found a runed translucent gate.
  4981 | D:5      | Noticed a sky beast
  4989 | D:5      | Killed a sky beast
  4990 | D:5      | Reached skill level 5 in Air Magic
  4990 | D:5      | Your scales start taking on a pale cyan-grey colour.
  4990 | D:5      | Reached XP level 7. HP: 56/56 MP: 3/11
  4990 | D:5      | Gained mutation: You are immune to the effects of steam.
                  | [Pale Draconian growth]
  5057 | D:5      | Found a runed translucent gate.
  5059 | D:5      | Found a runed translucent gate.
  5062 | D:5      | Noticed slippyandproud's ghost (amateur PaFi)
  5127 | D:5      | Learned a level 3 spell: Conjure Flame
  5244 | D:5      | Reached skill level 6 in Air Magic
  5501 | D:5      | Noticed a steam dragon
  5506 | D:5      | Killed a steam dragon
  5507 | D:5      | Reached XP level 8. HP: 61/63 MP: 7/13
  5632 | D:5      | Reached * piety under Nemelex Xobeh
  5780 | D:5      | Found a runed translucent door.
  5781 | D:5      | Noticed Crazy Yiuf
  6002 | D:5      | Killed Crazy Yiuf
  6079 | D:6      | Identified the +2 robe of the Resonant Catfish {Harm rElec
                  | rN+++ Str-4}
  6104 | D:6      | Found a staircase to the Ecumenical Temple.
  6123 | D:6      | Reached skill level 5 in Conjurations
  6190 | D:6      | Reached skill level 7 in Air Magic
  6218 | D:6      | Received a gift from Nemelex Xobeh
  6241 | D:6      | Found a glowing golden altar of the Shining One.
  6786 | D:6      | Reached XP level 9. HP: 53/72 MP: 4/15
  7475 | D:6      | Learned a level 4 spell: Summon Lightning Spire
  7674 | D:6      | Reached skill level 8 in Air Magic
  8342 | D:7      | Reached ** piety under Nemelex Xobeh
  8357 | D:7      | Reached skill level 5 in Fighting
  8828 | D:7      | Reached skill level 5 in Spellcasting
  9027 | D:7      | Reached skill level 5 in Dodging
 10203 | D:8      | Received a gift from Nemelex Xobeh
 10205 | D:8      | Found a snail-covered altar of Cheibriados.
 10262 | D:8      | Found a broken altar of Ashenzari.
 11057 | D:8      | Reached skill level 9 in Air Magic
 11276 | D:8      | You fall into a shaft and drop 3 floors!
 11280 | D:11     | Reached XP level 10. HP: 73/83 MP: 7/18
 11287 | D:10     | Entered Level 10 of the Dungeon
 11618 | D:10     | Found a staircase to the Orcish Mines.
 11872 | D:8      | Noticed a two-headed ogre
 11891 | D:8      | Killed a two-headed ogre
 12264 | D:8      | Received a gift from Nemelex Xobeh
 12389 | D:8      | Learned a level 5 spell: Lightning Bolt
 12618 | D:9      | Found a hazy altar of Hepliaklqana.
 12643 | D:9      | Noticed a two-headed ogre
 12798 | D:9      | Noticed a two-headed ogre
 12820 | D:9      | Killed a two-headed ogre
 12969 | D:9      | Noticed a two-headed ogre
 12977 | D:9      | Killed a two-headed ogre
 12978 | D:9      | Reached skill level 10 in Air Magic
 12990 | D:9      | Noticed Joseph
 13002 | D:9      | Slain by Joseph

Illustrated notes

Levels and vault maps discovered:
D:1:      sevenhm_arrival_forest_fort_small_4, layout_basic, serial_glass,
          glass_columns_b, glass_columns_b, feat_on_display,
          due_unseen_surprise, feat_on_display, feat_on_display,
          dreamdust_ecumenical_altar_grove
D:2:      layout_rooms, serial_shops, nicolae_shop_stone, serial_bayou_crossing,
          uniq_sigmund
D:3:      layout_loops_ring, minmay_misc_feat_doors
D:4:      layout_basic, nemelex_altar_shiori, mainiacjoe_overflow_boulevard,
          zin_academy
D:5:      layout_loops_ring, gammafunk_ghost_necromancy, uniq_crazy_yiuf_cottage
D:6:      kennysheep_housing_project, layout_rooms,
          nicolae_tso_besieged_by_evil, minmay_temple_entry_mini_moons,
          portal_sewer_entry_f
D:7:      layout_layer_cave
D:8:      minmay_chambers_of_fours, layout_basic, grunt_temple_overflow_open,
          unseen_surprise_small
D:9:      layout_loops_ring, nicolae_hepliaklqana_monster_ancestors,
          chequers_temple_overflow_minitemple, lair_entry_dummy, serial_shops,
          shop, uniq_joseph
D:10:     layout_loops_corners, fiery_altar_vehumet, orc_0_dummy, serial_shops,
          shop, nicolae_shop_window_shopping
D:11:     layout_grid_maze, uniq_fannar, uniq_maurice

Skill      XL: |  1  2  3  4  5  6  7  8  9 10 |
---------------+-------------------------------+-----
Stealth        | 2 |  2.0
Dodging        | 2 3 4 5 |  5.9
Conjurations   | 2 3 4 6 7 8 |  8.8
Fighting       | 1 2 3 4 5 6 |  6.5
Air Magic      | 4 5 6 7 9 10 | 10.1
Spellcasting   | 3 4 5 6 |  6.0

Action                   |  1- 3 |  4- 6 |  7- 9 | 10-12 || total
-------------------------+-------+-------+-------+-------++-------
Melee: Dagger            |    19 |       |       |       ||    19
       Unarmed           |     2 |       |       |       ||     2
       Tailslap          |     1 |     1 |    11 |     3 ||    16
       Whip              |     1 |    15 |   121 |    25 ||   162
       Staff             |       |       |    17 |       ||    17
Throw: Dart              |       |     4 |     3 |     4 ||    11
 Cast: Shock             |    73 |    84 |   226 |    63 ||   446
       Static Discharge  |       |    12 |    42 |     8 ||    62
       Airstrike         |       |     2 |     7 |       ||     9
       Summon Lightning  |       |       |    15 |     7 ||    22
       Conjure Flame     |       |       |     3 |       ||     3
       Lightning Bolt    |       |       |       |     8 ||     8
Invok: Draw Destruction  |       |       |       |     1 ||     1
 Abil: Breathe Steam     |       |       |     1 |     1 ||     2
Evoke: Wand              |       |       |     5 |     6 ||    11
  Use: Scroll            |       |     5 |     3 |     1 ||     9
       Potion            |       |       |     5 |     2 ||     7
 Stab: Paralysed         |       |       |     8 |       ||     8
Armor: Skin              |     6 |    12 |    95 |    24 ||   137
Dodge: Dodged            |    14 |    20 |   181 |    77 ||   292
